Cogmind - Beta 10.2 @@@ ROGUE MODE // 2021.05.13 @ 03:13:46 Player: thingamajigger Result: Self-destructed Performance ------------- Evolutions (3) 1500 Regions Visited (7) 1400 Robots Destroyed (104) 520 Value Destroyed (4165) 4165 Prototype IDs (7) 140 Alien Tech Used (0) 0 Bonus (1260) 1260 TOTAL SCORE: 8985 Bonus ------- High Alert Combat Kills 388 Follower Combat Kills 172 Entered Garrisons 200 Used RIF Installer 500 Cogmind --------- Core Integrity 6/700 Matter 172/300 Energy 95/100 System Corruption 15% Temperature Cool (0) Movement Rolling (130) Ox3 Location -7/Factory Parts ------- > --- POWER (1) -------- (None) > --- PROPULSION (2) --- Armored Huge Wheel > --- UTILITY (8) ------ High-capacity Storage Unit High-capacity Storage Unit High-capacity Storage Unit Improved Targeting Computer Improved Light Armor Plating Relay Coupler [Swarmer] (29) Relay Coupler [Grunt] (11) Relay Coupler [Sentry] (2) > --- WEAPON (2) ------- Autogun > --- INVENTORY (28) --- Light Treads Light Treads Medium Treads Improved Heat Sink Improved Cooling System Coolant Injector High-capacity Storage Unit High-capacity Storage Unit Compact Matter Pod (150) Kinecellerator Kinecellerator Improved ECM Suite Improved Light Armor Plating Medium Reactive Plating Shock Absorption System Relay Coupler [Swarmer] (43) Relay Coupler [Hunter] (13) Relay Coupler [Hunter] (18) Shock Rifle Arc Projector Autogun Autogun Flak Gun Flak Gun Grenade Launcher Grenade Launcher Heavy Hammer Peak State ------------ > --- POWER ------------ Light Nuclear Core > --- PROPULSION ------- Armored Huge Wheel > --- UTILITY ---------- Improved Heat Sink Improved Cooling System High-capacity Storage Unit High-capacity Storage Unit High-capacity Storage Unit Improved Targeting Computer Medium Reactive Plating Hacking Suite > --- WEAPON ----------- Shock Rifle Arc Projector > --- INVENTORY -------- Light Nuclear Core Aluminum Leg Carbon-fiber Leg Carbon-fiber Leg Improved Heat Sink Improved Heat Sink Coolant Injector High-capacity Storage Unit High-capacity Storage Unit Compact Matter Pod Improved ECM Suite Shock Absorption System Relay Coupler [Swarmer] Relay Coupler [Swarmer] Relay Coupler [Grunt] Relay Coupler [Sentry] Relay Coupler [Sentry] Relay Coupler [Hunter] Relay Coupler [Hunter] Autogun Autogun Autogun Flak Gun Flak Gun Grenade Launcher Grenade Launcher Remote Datajack Heavy Hammer [Rating: 45] Favorites ----------- Power Ion Engine Engine Ion Engine Power Core Light Nuclear Core Propulsion Improved Treads Treads Improved Treads Leg Carbon-fiber Leg Wheel Armored Huge Wheel Utility High-capacity Storage Unit Device Improved Heat Sink Storage High-capacity Storage Unit Processor Targeting Computer Hackware Hacking Suite Protection Medium Reactive Plating Weapon Heavy Assault Rifle Energy Gun Heavy Laser Energy Cannon EM Pulse Cannon Ballistic Gun Heavy Assault Rifle Launcher Grenade Launcher Special Weapon Remote Datajack Impact Weapon Heavy Hammer Build | -11 -10 -9 -9 -8 -7 -7 -7 ------- Run | Scr Mat Mat Min Mat Fac Gar Fac Slots Evolved 6 | . . 2 . 2 2 . . Power . | . . . . . . . . Propulsion . | . . . . . . . . Utility 6 | . . 2 . 2 2 . . Weapon . | . . . . . . . . Parts Attached 115 | 7 7 1 2 19 45 21 13 Power 11 | 1 . . . 1 5 3 1 Engine 7 | 1 . . . 1 3 2 . Core 4 | . . . . . 2 1 1 Reactor . | . . . . . . . . Propulsion 20 | 2 2 . . 2 9 4 1 Treads 15 | 2 2 . . 2 9 . . Leg 4 | . . . . . . 4 . Wheel 1 | . . . . . . . 1 Hover . | . . . . . . . . Flight . | . . . . . . . . Utility 37 | 2 . . 2 7 18 3 5 Device 8 | . . . . 2 5 1 . Storage 8 | 2 . . 1 2 3 . . Processor 5 | . . . 1 2 2 . . Hackware 6 | . . . . . 2 . 4 Protection 10 | . . . . 1 6 2 1 Artifact . | . . . . . . . . Weapon 47 | 2 5 1 . 9 13 11 6 Energy Gun 8 | 1 . . . . . 5 2 Energy Cannon 3 | . . . . 1 2 . . Ballistic Gun 23 | 1 3 1 . 3 9 5 1 Ballistic Cannon . | . . . . . . . . Launcher 6 | . . . . 4 1 1 . Special Weapon 3 | . . . . . . . 3 Impact Weapon 4 | . 2 . . 1 1 . . Slashing Weapon . | . . . . . . . . Piercing Weapon . | . . . . . . . . Special Melee Weapon . | . . . . . . . . Unidentified Prototypes . | . . . . . . . . Parts Lost 41 | . . . . 7 22 9 3 Power 8 | . . . . 1 3 2 2 Propulsion 8 | . . . . 1 5 2 . Utility 12 | . . . . 3 7 2 . Weapon 13 | . . . . 2 7 3 1 Highest Loss Streak 6 | . . . . 5 6 4 2 Average Slot Usage (%) 94 | . 100 77 98 89 91 99 90 Engine 6 | . 14 11 11 7 5 4 . Core 1 | . . . . . . 2 5 Treads 14 | . 28 22 22 17 13 9 . Device 6 | . . . . 2 10 10 2 Storage 25 | . 28 22 32 27 23 23 23 Processor 11 | . . . 10 11 15 10 7 Hackware 2 | . . . . . . 7 13 Protection 5 | . . . . 4 6 7 12 Energy Gun 1 | . 3 . . . . 5 3 Ballistic Gun 14 | . 22 17 22 16 13 9 5 Naked Turns . | . . . . . . . . Heaviest Build 138 | 16 19 19 51 76 137 138 131 Greatest Support 51 | 40 46 46 46 46 51 51 30 Greatest Overweight (x) 6 | . . . 1 1 3 6 4 Average Overweight (x) 2 | . . . . 1 2 2 4 Largest Inventory Capacity 28 | 8 8 8 16 24 28 28 28 Average Capacity 22 | 5 8 8 15 16 26 28 28 Most Carried 28 | 4 8 8 11 16 28 28 28 Average Carried 19 | 2 7 7 10 14 23 25 27 Final Capacity 28 | 8 8 8 16 24 28 28 28 Final Carried 28 | 4 8 8 11 12 22 28 27 Class Distribution -------------------- 57% | Hauler-Mutant 32% | Mutant 8% | Bothacker-Mutant Dominant Class ---------------- Mutant | -10/Materials Mutant | -9/Materials Mutant | -9/Mines Mutant | -8/Materials Hauler-Mutant | -7/Factory Hauler-Mutant | -7/Garrison Bothacker-Mutant | -7/Factory Resources | -11 -10 -9 -9 -8 -7 -7 -7 ----------- Run | Scr Mat Mat Min Mat Fac Gar Fac Matter Collected 3154 | 262 101 . 235 128 1685 611 132 Remotely . | . . . . . . . . Salvage Created 3885 | 50 101 . 429 316 2112 877 . Parts 205 | 3 14 . 27 18 104 39 . Haulers Intercepted 1 | . . . . 1 . . . Recyclers Shooed 2 | . . . 1 . 1 . . Parts Field Recycled . | . . . . . . . . Retrieved Matter . | . . . . . . . . Parts Self-Destructed . | . . . . . . . . Prevented . | . . . . . . . . Kills | -11 -10 -9 -9 -8 -7 -7 -7 ------- Run | Scr Mat Mat Min Mat Fac Gar Fac Combat Hostiles Destroyed 81 | . 4 . 9 10 36 22 . Guns 65 | . 4 . 9 2 31 19 . Cannons 1 | . . . . . 1 . . AOE 15 | . . . . 8 4 3 . Classes Destroyed 12 | 1 3 . 4 3 1 . . Worker 6 | . . . 3 . 3 . . Builder 3 | . . . 1 . 2 . . Tunneler 1 | . . . 1 . . . . Hauler 1 | . . . . 1 . . . Recycler 6 | 1 . . 1 . 4 . . Watcher 6 | . 1 . . 1 4 . . Swarmer 26 | . 3 . 5 . 8 10 . Grunt 38 | . 1 . 3 7 18 9 . Brawler 5 | . . . . 1 2 2 . Duelist 2 | . . . 1 . 1 . . Sentry 4 | . . . . 2 2 . . Programmer 6 | . . . . . 5 1 . Best Kill Streak 12 | 1 4 . 4 4 12 6 . Combat Bots Only 7 | . 3 . 3 4 7 6 . Max Kills in Single Turn 4 | 1 1 . 1 3 4 2 . Gunslinging 1 | . . . . . . 1 . Exploded 3 | . . . . 3 2 2 . Melee . | . . . . . . . . Uniques/NPCs Destroyed . | . . . . . . . . Combat | -11 -10 -9 -9 -8 -7 -7 -7 -------- Run | Scr Mat Mat Min Mat Fac Gar Fac Damage Taken 6721 | . 91 65 244 1028 3500 1574 219 Core 936 | . . 21 56 165 469 158 67 Absorbed by Shields 74 | . . . . . 74 . . Core Remaining (%) 87 | 100 100 . 80 70 . . . Volleys Fired 273 | 4 8 . 28 28 128 55 22 Largest 2 | 2 2 . 2 2 2 2 2 Hottest 119 | 60 46 . 46 86 86 119 73 Shots Fired 492 | 8 16 . 56 46 237 104 25 Gun 458 | 8 16 . 56 34 225 103 16 Cannon 9 | . . . . 2 7 . . Launcher 16 | . . . . 10 5 1 . Special 9 | . . . . . . . 9 Kinetic 423 | 4 16 . 56 34 225 74 14 Thermal 22 | 4 . . . . . 18 . Explosive 16 | . . . . 10 5 1 . Electromagnetic 22 | . . . . 2 7 11 2 Robot Hit Streak 26 | 7 9 . 13 26 21 14 8 Robot Miss Streak 8 | 1 3 . 2 1 6 8 2 Penetration Max . | . . . . . . . . Secondary Targets 13 | . 2 . 1 . 3 7 . Max Gunslinging Chain 1 | . 1 . 1 . 1 1 . Shots Hit Robots 375 | 7 8 . 39 34 182 86 19 Core Hits 279 | 2 5 . 19 26 145 81 1 Critical Hits . | . . . . . . . . Critical Kills . | . . . . . . . . Critical Parts Destroyed . | . . . . . . . . Melee Attacks 8 | . 3 . . 1 4 . . Impact 8 | . 3 . . 1 4 . . Slashing . | . . . . . . . . Piercing . | . . . . . . . . Sneak Attacks . | . . . . . . . . Combat Hostiles . | . . . . . . . . Follow-up Attacks . | . . . . . . . . Damage Inflicted 8401 | 69 151 . 534 1665 4105 1715 162 Guns 5822 | 69 151 . 534 391 2987 1528 162 Cannons 204 | . . . . 43 161 . . Explosions 2375 | . . . . 1231 957 187 . Melee . | . . . . . . . . Ramming . | . . . . . . . . Kinetic 5439 | 35 151 . 534 391 2987 1195 146 Thermal 305 | 34 . . . 47 . 224 . Explosive 1975 | . . . . 1184 635 156 . Electromagnetic 682 | . . . . 43 483 140 16 Impact . | . . . . . . . . Slashing . | . . . . . . . . Piercing . | . . . . . . . . Highest Corruption 15 | . . 1 1 5 2 13 15 Average Corruption 4 | . . 1 1 5 1 8 13 Corruption Purged 1 | . . . . . 1 . . Effects 101 | . . 1 6 14 9 39 32 Message Errors 24 | . . . 3 3 3 7 8 Matter Fused 16 | . . . . 5 . 7 4 Heat Flow Errors 11 | . . . . 1 3 5 2 Energy Discharges 12 | . . . 1 1 2 4 4 Data Loss (minor) 13 | . . 1 2 1 1 4 4 Data Loss (major) 3 | . . . . 1 . 2 . Misfires 1 | . . . . . . . 1 Alerts 3 | . . . . . . 2 1 Misdirections 4 | . . . . . . 2 2 Targeting Errors 13 | . . . . 2 . 5 6 Weapon Failures 1 | . . . . . . 1 . Overload Shots . | . . . . . . . . Overflow Damage 172 | . . . . 163 9 . . Projectiles . | . . . . . . . . Explosions 172 | . . . . 163 9 . . Melee . | . . . . . . . . Knockbacks . | . . . . . . . . Impact . | . . . . . . . . Kinetic . | . . . . . . . . Secondary . | . . . . . . . . Self-Inflicted Damage 301 | . . . . 253 29 19 . Shots 12 | . . . . 8 3 1 . Rammed . | . . . . . . . . Targets Rammed . | . . . . . . . . Kicked . | . . . . . . . . Crushed . | . . . . . . . . Highest Temperature 238 | . 1 . 1 238 215 218 165 Average Temperature 54 | . 1 . 1 63 54 83 41 Received Heat Transfer 1794 | . 12 36 66 351 843 441 45 Siege Activations . | . . . . . . . . Robots Corrupted . | . . . . . . . . Combat Hostiles . | . . . . . . . . Parts Fried 3 | . . . . . 3 . . Impact Corruptions . | . . . . . . . . Robots Melted . | . . . . . . . . Combat Hostiles . | . . . . . . . . Parts Melted . | . . . . . . . . Heat Transferred 545 | 75 . . . 50 . 420 . Parts Sabotaged . | . . . . . . . . Parts Stolen . | . . . . . . . . Parts Stripped . | . . . . . . . . Power Chain Reactions 2 | . . . . 1 . 1 . Missiles Intercepted . | . . . . . . . . Alert | -11 -10 -9 -9 -8 -7 -7 -7 ------- Run | Scr Mat Mat Min Mat Fac Gar Fac Peak Influence 1150 | 5 157 64 190 339 611 1150 701 Initial 603 | . 3 . 24 18 63 409 603 Average 254 | 1 52 20 96 138 161 763 609 Maximum Alert Level 4 | . . . . 1 2 4 3 Low Security (%) 60 | 100 100 100 100 71 63 . . Level 1 15 | . . . . 28 30 . . Level 2 15 | . . . . . 5 42 87 Level 3 8 | . . . . . . 52 12 Level 4 . | . . . . . . 4 . Level 5 . | . . . . . . . . High Security . | . . . . . . . . Max Security . | . . . . . . . . Squads Dispatched 15 | . 1 2 . . 8 . 4 Investigation 2 | . . 2 . . . . . Extermination 6 | . . . . . 5 . 1 Reinforcement 7 | . 1 . . . 3 . 3 Assault . | . . . . . . . . Garrison . | . . . . . . . . Intercept . | . . . . . . . . Construction Impeded 1 | . . . . . 1 . . Haulers Reinforced 1 | . . . . . . . 1 Stealth | -11 -10 -9 -9 -8 -7 -7 -7 --------- Run | Scr Mat Mat Min Mat Fac Gar Fac Distress Signals 2 | . 1 1 . . . . . Communications Jammed . | . . . . . . . . Distress Signals . | . . . . . . . . Times Spotted 124 | . 6 3 13 11 53 22 16 Peak Tracking Total 7 | . 4 4 4 4 7 4 4 Tactical Retreats 4 | . . 1 1 . 2 . . Traps | -11 -10 -9 -9 -8 -7 -7 -7 ------- Run | Scr Mat Mat Min Mat Fac Gar Fac Traps Triggered 9 | . . 1 . . 3 4 1 Indirectly . | . . . . . . . . Trap Hack Attempts . | . . . . . . . . Triggered . | . . . . . . . . Disarmed . | . . . . . . . . Reprogrammed . | . . . . . . . . Reused . | . . . . . . . . Traps Extracted . | . . . . . . . . Installed . | . . . . . . . . Triggered . | . . . . . . . . Machines | -11 -10 -9 -9 -8 -7 -7 -7 ---------- Run | Scr Mat Mat Min Mat Fac Gar Fac Machines Disabled 18 | . 1 . 2 3 9 3 . Max in Single Turn 4 | . 1 . 1 3 4 1 . Garrison Relay 3 | . . . . . . 3 . Machines Sabotaged . | . . . . . . . . Garrisons Compromised . | . . . . . . . . Overloaded Fab Kills . | . . . . . . . . Fab Network Shutdowns . | . . . . . . . . Hacking | -11 -10 -9 -9 -8 -7 -7 -7 --------- Run | Scr Mat Mat Min Mat Fac Gar Fac Machines Accessed 17 | . 3 2 . . 10 . 2 Terminals 12 | . 3 2 . . 6 . 1 Fabricators . | . . . . . . . . Repair Stations 2 | . . . . . 2 . . Recycling Units . | . . . . . . . . Scanalyzers 1 | . . . . . . . 1 Garrison Access 2 | . . . . . 2 . . Total Hacks 41 | . 6 7 . . 23 . 5 Successful 15 | . 3 2 . . 9 . 1 Failed 26 | . 3 5 . . 14 . 4 Catastrophic 6 | . 1 . . . 5 . . Database Lockouts . | . . . . . . . . Manual 17 | . 6 5 . . 5 . 1 Terminals 28 | . 6 7 . . 13 . 2 Fabricators . | . . . . . . . . Repair Stations 6 | . . . . . 6 . . Recycling Units . | . . . . . . . . Scanalyzers 3 | . . . . . . . 3 Garrison Access 4 | . . . . . 4 . . Terminal Hacks 7 | . 1 2 . . 3 . 1 Prototype ID Bank 3 | . . 2 . . 1 . . Terminal Index 2 | . 1 . . . . . 1 Unreport Threat 1 | . . . . . 1 . . Locate Traps 1 | . . . . . 1 . . Fabricator Hacks . | . . . . . . . . Repair Station Hacks 4 | . . . . . 4 . . Scan Component 2 | . . . . . 2 . . Repair 2 | . . . . . 2 . . Recycling Unit Hacks . | . . . . . . . . Scanalyzer . | . . . . . . . . Garrison Access Hacks 1 | . . . . . 1 . . Unlock Access 1 | . . . . . 1 . . Unauthorized Hacks 3 | . 2 . . . 1 . . Terminals 3 | . 2 . . . 1 . . Assimilate 1 | . 1 . . . . . . Botnet 1 | . . . . . 1 . . Operators 1 | . 1 . . . . . . Fabricators . | . . . . . . . . Repair Stations . | . . . . . . . . Recycling Units . | . . . . . . . . Scanalyzers . | . . . . . . . . Garrison Access . | . . . . . . . . Data Cores Recovered . | . . . . . . . . Used . | . . . . . . . . Hacking Detections 16 | . 2 2 . . 10 . 2 Full Trace Events 2 | . . 2 . . . . . Feedback Events 1 | . . 1 . . . . . Corruption 1 | . . 1 . . . . . Feedback Blocked . | . . . . . . . . Robot Schematics Acquired . | . . . . . . . . Robots Built . | . . . . . . . . Matter . | . . . . . . . . Time . | . . . . . . . . Total Robot Build Rating . | . . . . . . . . Part Schematics Acquired . | . . . . . . . . Parts Built . | . . . . . . . . Matter . | . . . . . . . . Time . | . . . . . . . . Total Part Build Rating . | . . . . . . . . Parts Repaired 2 | . . . . . 2 . . Time 54 | . . . . . 54 . . Parts Recycled . | . . . . . . . . Recycled Matter . | . . . . . . . . Retrieved Matter . | . . . . . . . . Retrieved Components . | . . . . . . . . Parts Scanalyzed . | . . . . . . . . Part Schematics Acquired . | . . . . . . . . Parts Damaged . | . . . . . . . . Bothacking | -11 -10 -9 -9 -8 -7 -7 -7 ------------ Run | Scr Mat Mat Min Mat Fac Gar Fac Used RIF Installer 1 | . . . . . . 1 . Robots Hacked 5 | . . . . . . . 5 Non-combat 1 | . . . . . . . 1 Combat 4 | . . . . . . . 4 Robot Hacks Applied 8 | . . . . . . . 8 find_fabricator 1 | . . . . . . . 1 find_garrison 1 | . . . . . . . 1 amplify_resonance 1 | . . . . . . . 1 reboot_system 1 | . . . . . . . 1 overwrite_iff 1 | . . . . . . . 1 streamctrl_high 1 | . . . . . . . 1 formatsys_high 2 | . . . . . . . 2 Relay Couplers Released 11 | . . . . . . 11 . Machine Destruction 11 | . . . . . . 11 . Attached 4 | . . . . . . . 4 Robots Rewired . | . . . . . . . . Allies Hacked . | . . . . . . . . Hacks Repelled . | . . . . . . . . Allies | -11 -10 -9 -9 -8 -7 -7 -7 -------- Run | Scr Mat Mat Min Mat Fac Gar Fac Total Allies 5 | . . . 3 . . . 2 Largest Group 3 | . . . 3 . . . 2 Highest-Rated Group 48 | . . . 40 . . . 48 Highest-Rated Ally 32 | . . . 16 . . . 32 Total Orders . | . . . . . . . . Ally Attacks 20 | . . . 7 . . . 13 Total Damage 468 | . . . 65 . . . 403 Kills 7 | . . . 3 . . . 4 Allies Corrupted . | . . . . . . . . Allies Melted . | . . . . . . . . Intel | -11 -10 -9 -9 -8 -7 -7 -7 ------- Run | Scr Mat Mat Min Mat Fac Gar Fac Robot Analysis Total . | . . . . . . . . Derelict Logs Recovered 3 | . . . 3 . . . . Drone Launches . | . . . . . . . . Drone Recoveries . | . . . . . . . . Exploration | -11 -10 -9 -9 -8 -7 -7 -7 ------------- Run | Scr Mat Mat Min Mat Fac Gar Fac Turns Passed 7144 | 144 412 106 1271 441 3220 951 599 Spaces Moved 3212 | 76 225 65 650 175 1332 335 354 Core 4 | 4 . . . . . . . Treads 2734 | 72 225 65 650 175 1332 215 . Legs 135 | . . . . . . 120 15 Wheels 339 | . . . . . . . 339 Hover . | . . . . . . . . Flight . | . . . . . . . . Fastest Speed 50 | 50 160 160 160 172 165 200 140 Average Speed 184 | 154 160 160 179 179 198 215 144 Slowest Speed 300 | 160 160 160 180 180 220 300 240 Overloaded Moves . | . . . . . . . . Propulsion Burnouts . | . . . . . . . . Robots Hopped . | . . . . . . . . Cave-ins Triggered . | . . . . . . . . Exploration Rate (%) 35 | 6 39 13 99 18 41 58 12 Regions Visited 7 Branch Regions 1 Pre-discovered Areas 1 | . . . 1 . . . . Known Exits Taken 1 | . . . . . 1 . . Unknown Exits Taken 5 | 1 1 1 1 1 . . . Scrap Searched 2 | . . . 2 . . . . Spaces Dug 5 | . 2 . . 1 2 . . Terrain Destroyed 104 | . 2 . . 81 20 1 . Melee 5 | . 2 . . 1 2 . . Projectile . | . . . . . . . . AOE 99 | . . . . 80 18 1 . Terrain Rammed . | . . . . . . . . Walls Destroyed . | . . . . . . . . Machines Disabled . | . . . . . . . . Actions | -11 -10 -9 -9 -8 -7 -7 -7 --------- Run | Scr Mat Mat Min Mat Fac Gar Fac Total 3947 | 91 255 67 700 250 1695 463 426 Wait 195 | 1 1 . 17 16 140 6 14 Move 3204 | 75 224 64 649 174 1331 333 354 Hop . | . . . . . . . . Pick Up 85 | 4 6 1 4 7 31 24 8 Fast Attach 39 | 7 2 . 1 6 19 1 3 Attach 37 | . . . 1 5 17 9 5 Detach 7 | . . . . . 2 . 5 Swap 39 | . 5 1 . 8 9 11 5 Drop 46 | . 6 1 . 5 14 10 10 Fire 273 | 4 8 . 28 28 128 55 22 Melee 8 | . 3 . . 1 4 . . Ram . | . . . . . . . . Kick . | . . . . . . . . Crush . | . . . . . . . . Escape Stasis 14 | . . . . . . 14 . Rewire . | . . . . . . . . Trap . | . . . . . . . . Miscellaneous . | . . . . . . . . Route ------- -11/Scrapyard -10/Materials (discovered 2 exits: *Mat / [*Min]) -9/Materials -9/Mines (discovered 2 exits: [*Mat x2]) -8/Materials -7/Factory (discovered 5 exits: [*Fac] / Sto / *Low x2 / Gar) -7/Garrison (discovered 2 exits: *Fac x2) -7/Factory History --------- Turn | Location | Event 18 | -11/Scrapyard | Discovered new exit (range 15) 145 | -11/Scrapyard | Entered Materials 326 | -10/Materials | Build established: Mutant 330 | -10/Materials | Discovered new exit (range 7) 437 | -10/Materials | Discovered new exit (range 10) 557 | -10/Materials | Entered another Materials area 557 | -9/Materials | Evolved 2 slots: Utility x2 618 | -9/Materials | Discovered new exit (range 12) 663 | -9/Materials | Entered Mines 732 | -9/Mines | Learned location of Zion (-6) 1293 | -9/Mines | Discovered new exit (range 5) 1495 | -9/Mines | Assisted by bots powering up and referring to "LRC-V3" 1556 | -9/Mines | Discovered new exit (range 6) 1934 | -9/Mines | Entered Materials 1934 | -8/Materials | Evolved 2 slots: Utility x2 2288 | -8/Materials | Lost 5 parts (1n2u2w) 2355 | -8/Materials | Discovered new exit (range 13) 2375 | -8/Materials | Entered Factory 2375 | -7/Factory | Evolved 2 slots: Utility x2 2376 | -7/Factory | Identified exit to Storage 2376 | -7/Factory | Identified exit to Lower Caves 2411 | -7/Factory | Repaired Hvy. Assault Rifle 2414 | -7/Factory | Discovered exit to Lower Caves (range 9) 2619 | -7/Factory | Build established: Hauler-Mutant 2680 | -7/Factory | Lost 6 parts (1p1n3u1w) 2910 | -7/Factory | Repaired Adv. Treads 3025 | -7/Factory | Lost 3 parts (1n1u1w) 3189 | -7/Factory | Lost 6 parts (1p1n1u3w) 4913 | -7/Factory | Discovered new exit (range 7) 4961 | -7/Factory | Core integrity fell below 50% 5437 | -7/Factory | Destroyed 7 combat bots 5437 | -7/Factory | Lost 3 parts (1p1n1w) 5505 | -7/Factory | Lost 3 parts (1n2u) 5593 | -7/Factory | Identified exit to Garrison 5595 | -7/Factory | Entered Garrison 5634 | -7/Garrison | Triggered checkpoint 5714 | -7/Garrison | Garrison Relay disabled 5800 | -7/Garrison | Triggered checkpoint 5812 | -7/Garrison | Triggered checkpoint 5967 | -7/Garrison | Discovered new exit (range 8) 6020 | -7/Garrison | Triggered checkpoint 6036 | -7/Garrison | Core integrity fell below 20% 6039 | -7/Garrison | System corruption reached 10% 6054 | -7/Garrison | Garrison Relay disabled 6187 | -7/Garrison | Triggered checkpoint 6234 | -7/Garrison | Lost 4 parts (1p2n1w) 6376 | -7/Garrison | Triggered checkpoint 6439 | -7/Garrison | Garrison Relay disabled 6498 | -7/Garrison | Discovered new exit (range 10) 6531 | -7/Garrison | Installed Relay Interface Framework 6546 | -7/Garrison | Entered Factory 6835 | -7/Factory | Build established: Bothacker-Mutant 7145 | -7/Factory | Self-destructed Last Messages --------------- 07076_ ALERT: Hostiles spotted, dispatching reinforcements to Terminal F008. 07076_ O-16 Technician locks terminal. 07083_ , A AKJ&HUQI,Z59,I USWCQH,:YO|ZADYRC 07110_ Guardian 4b suffers critical hit. 07113_ Slug penetrates Guardian 4b. 07116_ System corrupted: Heat flow error (+192). 07133_ K-01 Serf collects debris. 07143_ Jacked S-27 Virus... >>amplify_resonance Amplifying resonance, compromised power stability. 07144_ Cogmind Lgt. Nuclear Core critical resonance detonation. 07144_ S-27 Virus Lgt. Nuclear Core critical resonance detonation. [Achievement: Error 47] 07144_ S-27 Virus destroyed. 07144_ Fabricator disabled. 07144_ Guardian 4b destroyed. 07144_ Remote Datajack destroyed. 07144_ U-05 Engineer destroyed. [Achievement: Overachiever] Map ----- +----------------------------------------------------+ | ?????????????????????????????????????????????????? | | ?????????????????????????????????????????????????? | | ?????????????????????????????????????????????????? | | ?????????????????????????????????????????????????? | | ?????????????????????????????????????????????????? | | ?????????????????????????????????????????????????? | | ?????????????????????????????????????????????????? | | ?????????????????????????????????????????????????? | | ?????????????????????????????????????????????????? | | ?????????????????????????????????????????????????? | | ??????????????????????? ???????????????????????? | | ????????????????????? ???????????????????????? | | ????????????????????# ???????????????????????? | | ????????????????##### ???????????????????????? | | ????????????????? ???????????????????????? | | ?????????????????? #?? "??????????????????? | | ?????????????????? #?""""" #??????????????? | | ??????????????????? #?""""" #??????????????? | | ????????????????????p #? ???????????????? | | ????????????????????#u # ! #??????????????? | | ????????????????????# # ########???????? | | ????????????????????# # """ # ???????? | | ????????????????????# ; F" # ??????? | | ????????????????????# ! w +%[ ?? ??? | | ????????????????????+ =%% "" #[ ??? | | ????????????????????# @ s""" # ??? | | ????????????????????# [%# s # """ """ ### | | ????????????????????# =######### """ """ ## | | ????????????????????# """ """ ## | | ????????????????????# "" "" ## | | ????????????????????# "" "" ## | | ????????????????????# t ## | | ????????????????????# ## | | ????????????????????####+#############+### ## | | ?????????????????????? ?????# # ## | | ???????????????????? " " "???#"""" # ## | | ??????????????????# " " " ?#"""" # ## | | ??????????????????# " " " ##"""" # + | | ??????????????????# " " " ##"""" # ## | | ??????????????????# " " " ## # ## | | ??????????????????# ? " " ## # ## | | ??????????????????# ? " " ?# # ### | | ??????????????????# ? " "???# # | | ??????????????????# ? "?????# "" # ### | | ??????????????????# "Y" ? ?????# T" # #?? | | ??????????????????# """??? ?????# "" # #?? | | ??????????????????#?????????????# + #?? | | ????????????????????????????????############+###?? | | ?????????????????????????????????????????? ??? | | ???????????????????????????????????????? ? | +----------------------------------------------------+ Best States ------------- Heat Dissipation 75 Energy Generation 18 Energy Capacity 290 Matter Stores 300 Matter Capacity 300 Sight Range 16 Terrain Scan Density 10 Armor Coverage 375 Resistance: KI 30 Core Shielding 20 Evasion (%) 40 Targeting Accuracy 11 Recoil Reduction 4 Offensive Hacking 10 Relay Coupler Types 30 Relay Coupler Value 2 Item Schematics ----------------- None Robot Schematics ------------------ None Fabricated ------------ Nothing Alien Tech Used ----------------- None Achievements -------------- Assimilation Complete Error 47 Factory Defaults Overachiever Challenges ------------ None Game ------ Seed PrecisionHeartRecalibrator Manual? 0 Play Time 00:37:35 Cumulative 65.9 hours Start 2021.05.13 @ 02:37:09 End 2021.05.13 @ 03:13:46 Sessions 1 Manual Loads 0 Difficulty Rogue Special Mode None Game No. 125 Rogue 113 Adventurer 4 Explorer 8 Win Type - Total 5 Types 4/0/0/1/0/0/0/0/0 Lore% 54 Gallery% 71 Achievement% 50 Wizard Run 0 Options --------- ASCII 0 Keyboard 1 Movement Numpad Keybinds 0 Fullscreen 1 Font 18/SmallcapsGlow Map View 76x50 Tactical HUD 1 Map Filters NONE Filters NONE Steam 1 RUN: ace1b359-23bc-44ac-aae3-8e3481ee56de